 Dungeon Crawl Stone Soup version 0.21-a0-314-gb3271ec (webtiles) character file.

47 tidbits the Fighter (level 3, 3/38 HPs)
             Began as a Gnoll Wanderer on Sept 29, 2017.
             Quit the game on level 2 of the Dungeon.
             The game lasted 00:03:28 (554 turns).

tidbits the Fighter (Gnoll Wanderer)                 Turns: 554, Time: 00:03:29

Health: 3/38       AC:  2    Str: 14    XL:     3   Next: 70%
Magic:  5/5        EV: 11    Int: 15    God:
Gold:   32         SH:  5    Dex: 14    Spells: 5/5 levels left

rFire    . . .     SeeInvis .   a - +2 dagger
rCold    . . .     Gourm    .   D - +0 buckler
rNeg     . . .     Faith    .   e - +0 robe
rPois    .         Spirit   .   (no helmet)
rElec    .         Reflect  .   (no cloak)
rCorr    .         Harm     .   (no gloves)
MR       .....                  (no boots)
Stlth    +++.......             (no amulet)
HPRegen  0.12/turn              (no ring)
MPRegen  0.09/turn              (no ring)

@: seriously poisoned (3 -> 1), flying
A: distributed training, fangs 1, strong nose
a: no special abilities


You were on level 2 of the Dungeon.
You were not hungry.

You visited 1 branch of the dungeon, and saw 2 of its levels.

You collected 32 gold pieces.

Inventory:

Hand Weapons
 a - a +2 dagger (weapon)
 c - a +0 spear
 k - a +0 dagger
 m - a +0 whip
 o - a +0 hunting sling
 q - a +0 dagger of speed
   (You took it off a goblin on level 1 of the Dungeon)
Missiles
 g - 32 bolts
 l - 41 stones (quivered)
Armour
 e - a +0 robe (worn)
 D - a +0 buckler (worn)
Scrolls
 b - a scroll of fear
 j - a scroll of teleportation {unknown}
 p - a scroll of identify {unknown}
 r - a scroll of remove curse {unknown}
Potions
 d - a potion of lignification
 i - a potion of haste
 s - a potion of resistance
Comestibles
 f - a bread ration


   Skills:
 + Level 8.6 Fighting
 + Level 0.0 Short Blades
 + Level 1.3 Long Blades
 + Level 0.0 Axes
 + Level 0.0 Maces & Flails
 + Level 2.3 Polearms
 + Level 0.0 Staves
 + Level 0.0 Slings
 + Level 0.0 Bows
 + Level 0.8 Crossbows
 + Level 0.8 Throwing
 + Level 2.3 Armour
 + Level 0.0 Dodging
 + Level 6.0 Stealth
   Level 0.0 Stabbing
 + Level 2.8 Shields
   Level 0.0 Traps
 + Level 0.8 Unarmed Combat
 + Level 1.7 Spellcasting
 + Level 0.0 Conjurations
 + Level 0.0 Hexes
 + Level 1.3 Charms
 + Level 1.3 Summonings
 + Level 0.0 Necromancy
 + Level 1.3 Translocations
 + Level 0.8 Transmutations
 + Level 0.8 Fire Magic
 + Level 1.3 Ice Magic
 + Level 1.3 Air Magic
 + Level 1.3 Earth Magic
 + Level 0.0 Poison Magic
 + Level 0.0 Invocations
 + Level 2.0 Evocations


You had 5 spell levels left.
You didn't know any spells.

Dungeon Overview and Level Annotations

Branches:
Dungeon (2/15)

Altars:


Innate Abilities, Weirdness & Mutations

Your experience applies equally to all skills.
You have very sharp teeth.
Your uncanny sense of smell can sniff out nearby items.


Message History

Unknown command.
Okay, then.
A kobold comes into view.
The kobold shouts!
The kobold throws a stone.
The stone closely misses you.
The kobold throws a stone.
The stone hits you.
You see here a stone.
The kobold hits you.
You hit the kobold. Your bite misses the kobold.
The kobold is heavily wounded.
The gnoll barely misses you. You block the kobold's attack.
You hit the kobold.
The kobold is severely wounded.
The gnoll closely misses you. You block the kobold's attack.
You barely miss the kobold.
The kobold is severely wounded.
The gnoll hits you from afar with a spear.
The kobold hits you.
You closely miss the kobold.
The kobold is severely wounded.
The gnoll hits you from afar with a spear!
* * * LOW HITPOINT WARNING * * *
The kobold hits you.
* * * LOW HITPOINT WARNING * * *
You hit the kobold.
You kill the kobold!
The gnoll hits you from afar with a spear.
* * * LOW HITPOINT WARNING * * *
Found 2 emerald potions.
Things that are here:
3 stones; a kobold corpse You see here 2 emerald potions.
s - 2 emerald potions The gnoll closely misses you.
Okay, then.
It was a potion of haste.
You feel yourself speed up. The gnoll barely misses you.
The gnoll hits you from afar with a spear!
* * * LOW HITPOINT WARNING * * *
Found a stone staircase leading up.
Found a scroll labeled DUQEEX ZAETE.
There is a stone staircase leading up here.
You climb upwards.
There is a stone staircase leading down here.
There is a stone staircase leading down here.
You climb downwards.
There is a stone staircase leading up here.
Your extra speed is starting to run out.
You open the door.
There is an open door here.
You open the door.
You feel yourself slow down.
An adder comes into view.
There is an open door here.
A kobold comes into view.
You hit the adder.
The adder is lightly wounded.
The adder barely misses you.
You closely miss the adder.
The adder is lightly wounded.
You block the adder's attack. The adder closely misses you.
You hit the adder.
The adder is moderately wounded.
The adder closely misses you.
You hit the adder.
The adder is heavily wounded.
The adder closely misses you.
You hit the adder. Your bite misses the adder.
The adder is severely wounded.
The adder barely misses you. The adder bites you.
* * * LOW HITPOINT WARNING * * *
You barely miss the adder.
The adder is severely wounded.
The adder bites you.
* * * LOW HITPOINT WARNING * * *
You are poisoned.
The adder poisons you!
You hit the adder.
The adder is almost dead.
* * * LOW HITPOINT WARNING * * *
You feel sick. You block the adder's attack.
You hit the adder.
The adder is almost dead.
The adder barely misses you. x2
You hit the adder.
You kill the adder!
Your Earth Magic skill increases to level 1!
Your Evocations skill increases to level 2!
It was a potion of resistance.
You feel protected.
* * * LOW HITPOINT WARNING * * *
You feel sick.
It was a potion of cancellation.
Your magical effects are unravelling.
You feel magically purged.
Your resistance to elements expires.
It was a potion of flight.
You feel very buoyant.
You fly up into the air.
Are you sure you want to abandon this character and quit the game? (Confirm with "yes".)

##.## #.# #.# ##'##
##...## ##.....## .
#.......## ..#
#.........####.....
+.........'@†.....K
#.........####.....
##.......## ##.
##.....## ##...##
##+#


You could see a kobold (sleeping).

Vanquished Creatures
  An adder (D:2)
  A dart slug (D:1)
  2 leopard geckos (D:1)
  3 giant cockroaches (D:1)
  6 goblins (D:1)
  2 hobgoblins
  5 kobolds
  5 bats (D:1)
  3 frilled lizards (D:1)
  3 rats (D:1)
31 creatures vanquished.

Notes
Turn   | Place    | Note
-------+----------+-------------------------------------------
     0 | D:1      | tidbits the Gnoll Wanderer began the quest for the Orb.
     0 | D:1      | tidbits set off with: a +2 dagger, a scroll of fear, a +0 spear, a potion of lignification, a +0 robe, a bread ration
     0 | D:1      | Reached XP level 1. HP: 26/26 MP: 1/1
    73 | D:1      | Reached XP level 2. HP: 31/33 MP: 2/2
    78 | D:1      | Reached skill level 1 in Evocations
    94 | D:1      | Reached skill level 1 in Air Magic
   150 | D:1      | Reached skill level 6 in Stealth
   171 | D:1      | Reached skill level 1 in Summonings
   210 | D:1      | Reached skill level 1 in Long Blades
   213 | D:1      | Reached skill level 1 in Spellcasting
   213 | D:1      | Reached XP level 3. HP: 28/38 MP: 4/4
   336 | D:1      | Reached skill level 1 in Ice Magic
   357 | D:1      | Reached skill level 1 in Charms
   435 | D:1      | Reached skill level 1 in Translocations
   550 | D:2      | Reached skill level 1 in Earth Magic
   550 | D:2      | Reached skill level 2 in Evocations
   551 | D:2      | HP: 3/38 [poisoned by an adder]
   554 | D:2      | Quit the game

Vault maps used:
D:1:      dpeg_arrival_arbitrary_b, hangedman_feature_mirror
D:2:      kennysheep_big_empty_room, grunt_ministairs_2

Skill      XL: |  1  2  3 |
---------------+----------+-----
Evocations     | 1 2 |  2.0
Air Magic      | 1 |  1.3
Stealth        | 6 |  6.0
Summonings     | 1 |  1.3
Long Blades    | 1 |  1.3
Spellcasting   | 1 |  1.7
Ice Magic      | 1 |  1.3
Charms         | 1 |  1.3
Translocations | 1 |  1.3
Earth Magic    | 1 |  1.3
Fighting       | |  8.6
Polearms       | |  2.3
Crossbows      | |  0.8
Throwing       | |  0.8
Armour         | |  2.3
Shields        | |  2.8
Unarmed Combat | |  0.8
Transmutations | |  0.8
Fire Magic     | |  0.8

Action                   || total
-------------------------++-------
Melee: Dagger            ||    97
       Bite              ||     2
  Use: Potion            ||     4
 Stab: Sleeping          ||     6
Armor: Robe              ||    13
Dodge: Dodged            ||    50
Block: Buckler           ||     8

Table legend:
 A = Spawn XP
 B = Non-spawn XP
 C = Spawn XP percentage of total XP
 D = Spawn monster count
 E = Non-spawn monster count
 F = Spawn count percentage of total count
 G = Total turns spent on level
                    A         B        C        D         E        F      G
               +---------+---------+-------+---------+---------+-------+---------
         Total |       0 |      68 |   0.0 |       0 |      31 |   0.0 |   554
               +---------+---------+-------+---------+---------+-------+---------
           D:1 |       0 |      50 |   0.0 |       0 |      28 |   0.0 |   466
           D:2 |       0 |      18 |   0.0 |       0 |       3 |   0.0 |    88
               +---------+---------+-------+---------+---------+-------+---------

Table legend:
 A = Turns spent in this place as a percentage of turns spent in the entire game.
 B = Non-inter-level travel turns spent in this place as a percentage of non-inter-level travel turns spent in the entire game.
 C = Inter-level travel turns spent in this place as a percentage of turns spent in this place.
 D = Turns resting spent in this place as a percentage of non-inter-level travel turns spent in this place.
 E = Turns spent auto-exploring this place as a percentage of non-inter-level travel turns spent in this place.
 F = Non-inter-level travel turns spent in this place divided by the number of levels of this place that you've seen.
                   A       B       C       D       E      F
               +-------+-------+-------+-------+-------+----------------------
         Total | 100.0 | 100.0 |   5.6 |   0.0 |   0.0 | 261.5
       Dungeon | 100.0 | 100.0 |   5.6 |   0.0 |   0.0 | 261.5
               +-------+-------+-------+-------+-------+----------------------

Table legend:
 A = Kills in this place as a percentage of kills in entire the game.
 B = Kills by you in this place as a percentage of kills by you in the entire game.
 C = Kills by friends in this place as a percentage of kills by friends in the entire game.
 D = Other kills in this place as a percentage of other kills in the entire game.
 E = Experience gained in this place as a percentage of experience gained in the entire game.
 F = Experience gained in this place divided by the number of levels of this place that you have seen.
                   A       B       C       D       E      F
               +-------+-------+-------+-------+-------+----------------------
         Total | 100.0 | 100.0 |   N/A |   N/A | 100.0 |  34.0
       Dungeon | 100.0 | 100.0 |   N/A |   N/A | 100.0 |  34.0
               +-------+-------+-------+-------+-------+----------------------

Vault maps used:
D:1:      dpeg_arrival_arbitrary_b, hangedman_feature_mirror
D:2:      kennysheep_big_empty_room, grunt_ministairs_2
